 Dungeon Sprint DCSS version 0.22-a0-618-gd6a3efe (webtiles) character file.

320447 emperorscorpion the Genius of the Arcane (level 20, -11/187 HPs)
             Began as a Gnoll Skald on July 10, 2018.
             Was the Champion of Sif Muna.
             Killed from afar by an orb of fire (39 damage)
             ... with a fireball
             ... in the Dungeon (Sprint IX: "|||||||||||||||||||||||||||||") on July 13, 2018.
             The game lasted 01:22:23 (10870 turns).

emperorscorpion the Genius of the Arcane (GnSk)    Turns: 10870, Time: 01:22:25

Health: -11/187    AC: 41    Str: 13    XL:     20   Next: 2%
Magic:  33/47      EV: 20    Int: 28    God:    Sif Muna [******]
Gold:   389        SH: 30    Dex: 20    Spells: 6/66 levels left

rFire    + . .     SeeInvis .   M - staff of earth
rCold    + . .     Gourm    .   Y - +7 large shield
rNeg     + + +     Faith    .   v - +5 storm dragon scales
rPois    ∞         Spirit   .   x - +0 helmet of Meadoami {Int+2}
rElec    +         Reflect  .   E - +2 cloak {+Inv}
rCorr    .         Harm     .   t - +0 pair of gloves
MR       ++...     NoTele   +   w - +0 pair of boots {Fly}
Stlth    ++++++....             W - amulet "Gej Ejaw" {RegenMP Slay+2}
HPRegen  0.41/turn              T - ring of protection from fire
MPRegen  0.55/turn              k - +6 ring of intelligence

@: lich-form, very slightly contaminated, slowed, deflect missiles, very slow
A: distributed training, fangs 1, strong nose
}: 5/15 runes: decaying, serpentine, barnacled, silver, gossamer
a: End Transformation, Divine Energy, Channel Magic, Forget Spell, Renounce
Religion, Evoke Invisibility, Evoke Flight


You were in the Dungeon.
You worshipped Sif Muna.
Sif Muna was exalted by your worship.
You were not hungry.
You were a lich.
You visited 1 branch You collected 2012 gold pieces.
You spent 1623 gold pieces at shops.

Inventory:

Hand Weapons
 a - a +3 demon trident of flaming
 y - a +5 demon trident of venom
 N - the +5 double sword of Teeruics {flame, Int+2}
   (You found it in the Dungeon)

   It has been specially enchanted to burn those struck by it, causing extra
   injury to most foes and up to half again as much damage against particularly
   susceptible opponents.
   Big, fiery blades are also staple armaments of hydra-hunters.
   It affects your intelligence (+2).
 Q - a +0 blowgun
Missiles
 l - 3 throwing nets
 R - 6 curare-tipped needles
 V - 63 javelins (quivered)
Armour
 c - +0 gold dragon scales
 i - +6 fire dragon scales
 t - a +0 pair of gloves (worn)
 v - +5 storm dragon scales (worn)
 w - a +0 pair of boots of flying (worn)
 x - the +0 helmet of Meadoami (worn) {Int+2}
   (You found it in the Dungeon)

   It affects your intelligence (+2).
 E - a +2 cloak of invisibility (worn)
 I - a +1 cloak of magic resistance
 Y - a +7 large shield (worn)
Magical Staves
 b - an uncursed staff of energy
 M - an uncursed staff of earth (weapon)
Jewellery
 k - a +6 ring of intelligence (right hand)
 r - an uncursed ring of wizardry
 H - the ring of the Water Diviner {rPois Int+2}
   (You found it in the Dungeon)

   [ring of intelligence]

   It affects your intelligence (+2).
   It protects you from poison.
 J - an uncursed ring of resist corrosion
 L - a +3 ring of protection
 O - the amulet of the Furies {Gourm Dex+6 Stlth+}
   (You found it in the Dungeon)

   [amulet of the gourmand]

   It allows you to eat raw meat even when not hungry.
   It affects your dexterity (+6).
   It makes you more stealthy.
 S - an uncursed ring of protection from cold
 T - a ring of protection from fire (left hand)
 U - an uncursed ring of protection from fire
 W - the amulet "Gej Ejaw" (around neck) {RegenMP Slay+2}
   (You found it in the Dungeon)

   [amulet of magic regeneration]

   It increases your magic regeneration.
   It affects your accuracy and damage with ranged weapons and melee attacks
   (+2).
 X - a +6 ring of dexterity
Wands
 p - a wand of iceblast (4)
 C - a wand of acid (3)
Scrolls
 j - a scroll of blinking
 n - 2 scrolls of remove curse
 o - 2 scrolls of amnesia
 A - 5 scrolls of fear
 B - 5 scrolls of fog
 D - 4 scrolls of enchant armour
 G - 3 scrolls of identify
Potions
 e - 6 potions of curing
 f - 8 potions of heal wounds
 g - 9 potions of haste
 h - 4 potions of magic
 m - a potion of invisibility
 q - a potion of agility
 z - 5 potions of mutation
 F - 2 potions of berserk rage
 K - 3 potions of might
 P - 2 potions of flight
 Z - 2 potions of brilliance
Miscellaneous
 s - a crystal ball of energy
Comestibles
 d - 8 rations


   Skills:
 + Level 23.7 Fighting
 + Level 23.4 Short Blades
 + Level 23.4 Long Blades
 + Level 23.4 Axes
 + Level 23.4 Maces & Flails
 + Level 23.7 Polearms
 + Level 23.6 Staves
 + Level 23.4 Slings
 + Level 23.4 Bows
 + Level 23.4 Crossbows
 + Level 23.4 Throwing
 + Level 23.5 Armour
 + Level 23.7 Dodging
 + Level 23.4 Stealth
 + Level 23.4 Shields
 + Level 23.4 Unarmed Combat
 + Level 23.8 Spellcasting
 + Level 20.4 Conjurations
 + Level 20.4 Hexes
 + Level 20.9 Charms
 + Level 20.4 Summonings
 + Level 20.4 Necromancy
 + Level 20.4 Translocations
 + Level 20.4 Transmutations
 + Level 20.4 Fire Magic
 + Level 20.4 Ice Magic
 + Level 20.4 Air Magic
 + Level 20.4 Earth Magic
 + Level 20.4 Poison Magic
 + Level 25.1 Invocations
 + Level 23.4 Evocations


You had 6 spell levels left.
You knew the following spells:

 Your Spells              Type           Power        Failure   Level  Hunger
a - Necromutation         Tmut/Necr      ########..   10%         8    N/A
b - Shroud of Golubria    Chrm/Tloc      #######...   0%          2    N/A
c - Ignition              Fire           #######...   10%         8    N/A
d - Deflect Missiles      Chrm/Air       #######...   1%          6    N/A
e - Borgnjor's Vile Clut  Necr/Erth      ########..   1%          5    N/A
f - Teleport Other        Tloc           #######.     0%          3    N/A
g - Freezing Cloud        Conj/Ice/Air   #######...   1%          6    N/A
h - Lehudib's Crystal Sp  Conj/Erth      ########..   10%         8    N/A
r - Regeneration          Chrm/Necr      ########..   0%          3    N/A
w - Spectral Weapon       Hex/Chrm       #######.     0%          3    N/A
B - Blink                 Tloc           N/A          0%          2    N/A
C - Death Channel         Necr           ########..   1%          6    N/A

Your spell library contained the following spells:

 Spells                   Type           Power        Failure   Level  Hunger
 Cause Fear               Hex            #######...   0%          4    N/A
 Magic Dart               Conj           ####         0%          1    N/A
 Fireball                 Conj/Fire      #######...   1%          5    N/A
 Apportation              Tloc           ######       0%          1    N/A
 Conjure Flame            Conj/Fire      #######.     0%          3    N/A
 Bolt of Fire             Conj/Fire      #######...   1%          6    N/A
 Bolt of Cold             Conj/Ice       #######...   1%          6    N/A
 Lightning Bolt           Conj/Air       #######...   1%          5    N/A
 Bolt of Magma            Conj/Fire/Erth ########..   1%          5    N/A
 Slow                     Hex            #######.     0%          2    N/A
 Confuse                  Hex            #######.     0%          3    N/A
 Invisibility             Hex            #######.     1%          6    N/A
 Throw Flame              Conj/Fire      ######       0%          2    N/A
 Throw Frost              Conj/Ice       ######       0%          2    N/A
 Controlled Blink         Tloc           N/A          10%         8    N/A
 Mephitic Cloud           Conj/Pois/Air  #######.     0%          3    N/A
 Ring of Flames           Chrm/Fire      #######...   1%          7    N/A
 Venom Bolt               Conj/Pois      #######...   1%          5    N/A
 Olgreb's Toxic Radiance  Pois           #######.     0%          4    N/A
 Death's Door             Chrm/Necr      ########..   9%          8    N/A
 Summon Small Mammal      Summ           ####         0%          1    N/A
 Bolt of Draining         Conj/Necr      ########..   1%          5    N/A
 Fire Storm               Conj/Fire      #######...   83%         9    N/A
 Iskenderun's Mystic Bla  Conj           #######.     0%          4    N/A
 Summon Horrible Things   Summ           #######...   10%         8    N/A
 Animate Dead             Necr           N/A          0%          4    N/A
 Pain                     Necr           ####         0%          1    N/A
 Animate Skeleton         Necr           N/A          0%          1    N/A
 Vampiric Draining        Necr           ########..   0%          3    N/A
 Haunt                    Necr/Summ      ########..   1%          7    N/A
 Freeze                   Ice            ####         0%          1    N/A
 Ozocubu's Refrigeration  Ice            #######...   1%          6    N/A
 Summon Ice Beast         Ice/Summ       #######.     0%          4    N/A
 Ozocubu's Armour         Chrm/Ice       #######.     0%          3    N/A
 Call Imp                 Summ           #######.     0%          2    N/A
 Dispel Undead            Necr           ########     1%          5    N/A
 Poison Arrow             Conj/Pois      #######...   1%          6    N/A
 Sting                    Conj/Pois      ####         0%          1    N/A
 Sublimation of Blood     Necr           ########..   0%          2    N/A
 Tukima's Dance           Hex            #######.     0%          3    N/A
 Summon Demon             Summ           #######...   1%          5    N/A
 Summon Greater Demon     Summ           #######...   1%          7    N/A
 Corpse Rot               Necr           N/A          0%          2    N/A
 Iron Shot                Conj/Erth      ########..   1%          6    N/A
 Stone Arrow              Conj/Erth      ######       0%          3    N/A
 Shock                    Conj/Air       ####         0%          1    N/A
 Swiftness                Chrm/Air       #######.     0%          2    N/A
 Recall                   Summ/Tloc      N/A          0%          3    N/A
 Agony                    Necr           ########     1%          5    N/A
 Spider Form              Tmut/Pois      #######...   0%          3    N/A
 Blade Hands              Tmut           #######...   1%          5    N/A
 Statue Form              Tmut/Erth      ########.    1%          6    N/A
 Ice Form                 Ice/Tmut       #######.     0%          4    N/A
 Dragon Form              Tmut           #######...   1%          7    N/A
 Throw Icicle             Conj/Ice       #######.     0%          4    N/A
 Glaciate                 Conj/Ice       #######...   83%         9    N/A
 Airstrike                Air            #######...   0%          4    N/A
 Shadow Creatures         Summ           N/A          1%          6    N/A
 Confusing Touch          Hex            ######       0%          1    N/A
 Flame Tongue             Conj/Fire      #####        0%          1    N/A
 Passwall                 Tmut/Erth      ########     0%          2    N/A
 Ignite Poison            Fire/Tmut/Pois #######.     0%          3    N/A
 Sticks to Snakes         Tmut           #######.     0%          2    N/A
 Call Canine Familiar     Summ           #######.     0%          3    N/A
 Ensorcelled Hibernation  Hex/Ice        ######       0%          2    N/A
 Metabolic Englaciation   Hex/Ice        #######...   1%          5    N/A
 Summon Butterflies       Summ           #######.     0%          1    N/A
 Silence                  Hex/Air        #######...   1%          5    N/A
 Shatter                  Erth           ########..   83%         9    N/A
 Dispersal                Tloc           #######...   1%          6    N/A
 Static Discharge         Conj/Air       #######.     0%          3    N/A
 Corona                   Hex            #######      0%          1    N/A
 Alistair's Intoxication  Tmut/Pois      #######.     1%          5    N/A
 Lee's Rapid Deconstruct  Erth           ########..   1%          5    N/A
 Sandblast                Erth           ######       0%          1    N/A
 Simulacrum               Ice/Necr       ########..   1%          6    N/A
 Conjure Ball Lightning   Conj/Air       #######...   1%          6    N/A
 Chain Lightning          Conj/Air       #######...   10%         8    N/A
 Excruciating Wounds      Chrm/Necr      ########..   1%          5    N/A
 Portal Projectile        Hex/Tloc       ######       0%          3    N/A
 Monstrous Menagerie      Summ           #######...   1%          7    N/A
 Petrify                  Tmut/Erth      ########     0%          4    N/A
 Passage of Golubria      Tloc           N/A          0%          4    N/A
 Orb of Destruction       Conj           #######...   1%          7    N/A
 Malign Gateway           Summ/Tloc      #######...   1%          7    N/A
 Tornado                  Air            #######...   83%         9    N/A
 Leda's Liquefaction      Hex/Erth       ########..   0%          4    N/A
 Summon Hydra             Summ           #######...   1%          7    N/A
 Darkness                 Hex            #######...   1%          6    N/A
 Inner Flame              Hex/Fire       #######.     0%          3    N/A
 Aura of Abjuration       Summ           #######...   1%          5    N/A
 Beastly Appendage        Tmut           ######       0%          1    N/A
 Disjunction              Tloc           #######...   10%         8    N/A
 Iskenderun's Battlesphe  Conj/Chrm      #######.     1%          5    N/A
 Fulminant Prism          Conj/Hex       #######...   0%          4    N/A
 Dazzling Spray           Conj/Hex       ######       0%          3    N/A
 Force Lance              Conj/Tloc      #######.     0%          4    N/A
 Infusion                 Chrm           ####         0%          1    N/A
 Song of Slaying          Chrm           ########     0%          2    N/A
 Searing Ray              Conj           ######       0%          2    N/A
 Summon Forest            Summ/Tloc      #######...   1%          5    N/A
 Summon Lightning Spire   Summ/Air       #######.     0%          4    N/A
 Summon Guardian Golem    Hex/Summ       #######.     0%          3    N/A
 Dragon's Call            Summ           #######...   83%         9    N/A
 Spellforged Servitor     Conj/Summ      #######...   1%          7    N/A
 Summon Mana Viper        Hex/Summ       #######.     1%          5    N/A
 Hydra Form               Tmut           #######...   1%          6    N/A
 Irradiate                Conj/Tmut      #######...   1%          5    N/A
 Gell's Gravitas          Tloc           #######...   0%          3    N/A
 Yara's Violent Unravell  Hex/Tmut       #######...   1%          5    N/A
 Infestation              Necr           ########..   10%         8    N/A
 Lesser Beckoning         Tloc           #######...   0%          3    N/A
 Poisonous Vapours        Pois/Air       ######       0%          2    N/A

Dungeon Overview and Level Annotations

Branches:
Dungeon (1/1)

Altars:
Cheibriados
Dithmenos
Elyvilon
Fedhas
Gozag
Hepliaklqana
Kikubaaqudgha
Makhleb
Nemelex Xobeh
Okawaru
Qazlal
Ru
Sif Muna
Trog
Uskayaw
Vehumet
Wu Jian
Xom
Yredelemnul
Zin
The Shining One
Beogh
Jiyva
Lugonu

Shops:
D **=*


Innate Abilities, Weirdness & Mutations

Your experience applies equally to all skills.
You have very sharp teeth.
Your uncanny sense of smell can sniff out nearby items.


Message History

< or
H - the ring of the Water Diviner {rPois Int+2} > or
k - a +6 ring of intelligence You remove the ring of the Water Diviner {rPois Int+2}.
You feel stupid. You block the death cob's attack.
The electric golem blinks!
You block the death cob's attack.
T - a ring of protection from fire (left hand)
The death cob hits you!!
* * * LOW HITPOINT WARNING * * *
The death cob drains your vigour!
You feel yourself slow down. You block the Killer Klown's attack.
The electric golem blinks!
Blink to where?
Press: ? - help, Dir - move target cursor You are very lightly contaminated with residual magic.
As you read the scroll of blinking, it crumbles to dust.
The ancient lich touches you but does no damage.
The orb of fire glows red.
The fireball explodes!
The fireball engulfs the orb of fire.
The orb of fire completely resists.
The fireball engulfs you! You resist.
You die...

.♣.▓(▓.▓.▓.▓)▓Z▓.▓,*,*,*,*,*,*
.♣.▓(▓.▓.▓.▓[▓Z▓p▓,*,*,*,*,*+*
.♣.▓.▓Z▓.▓.▓)▓Z▓.▓,*,*,*,*,*,*
.♣.▓[▓Z▓.▓.▓'▓Z▓z▓,*,*,*,*,*+*
.♣.▓[▓Z▓.▓.▓[▓Z▓*▓,*+*,*,*,*,*
.♣.▓)▓[▓.▓.▓.▓Z▓q▓,*,*,*,*,*,*
.♣.▓)▓)▓.▓.▓.▓Z▓.▓,*,*,*,*,*,*
.♣.▓(▓)▓.▓.▓.▓Z▓L▓,*,*,*+*,*,*
.♣.▓)▓)▓.▓.▓.▓Z▓L▓,*,*,*,*,*,*
[♣.▓(▓)▓.▓.▓)▓Z▓*▓,*,*,*,*,*,*
.♣.▓(▓)▓.▓.▓.▓Z▓*▓,*,*,*,*,*,*
'♣.▓"▓.▓[▓.▓.▓Z▓'▓,*,*,*,*,*,*
.▓.▓(▓)▓[▓.▓)▓Z▓.▓,*∆*,*,*,*,*
.▓.▓.▓.▓.▓.▓.▓Z▓'▓,*,*,*,*,*,*
.▓.▓(▓.▓[▓.▓.▓Z▓.▓,*,*,*,*,*,*
.▓.▓.▓.▓:▓.▓.▓Z▓'▓,*,*,*,*,*,*
.▓.▓.▓.▓[▓.▓)▓Z▓.▓,*,*,*,*,*,*


You could see 3 orbs of fire, a Killer Klown, an ancient lich, a green draconian
shifter and a death cob.

Vanquished Creatures
  Mara (D)
  2 ancient liches (D)
  An orb of fire (D)
  Boris (D)
  Saint Roka (D)
  A Killer Klown (D)
  2 curse toes (D)
  Margery (D)
  Xtahua (D)
  4 golden dragons (D)
  Nikola (D)
  An electric golem (D)
  3 tentacled monstrosities (D)
  A lich (D)
  13 Orb Guardians (D)
  A titan (D)
  3 quicksilver dragons (D)
  Frances (D)
  2 death cobs (D)
  Kirke (D)
  A draconian monk (D)
  A thorn hunter (D)
  7 shadow dragons (D)
  Gastronok (D)
  Ilsuiw (D)
  5 nagarajas (D)
  3 frost giants (D)
  2 draconian knights (D)
  Louise (D)
  4 ghost moths (D)
  A fire giant (D)
  A draconian scorcher (D)
  3 draconian shifters (D)
  5 emperor scorpions (D)
  2 spriggan defenders (D)
  An ironheart preserver (D)
  7 stone giants (D)
  A very ugly thing (D)
  A draconian stormcaller (D)
  2 green draconians (D)
  4 entropy weavers (D)
  A vampire knight (D)
  2 black draconians (D)
  2 white draconians (D)
  2 yellow draconians (D)
  2 purple draconians (D)
  4 merfolk javelineers (D)
  2 ettins (D)
  3 merfolk impalers (D)
  5 yaktaur captains (D)
  5 fire dragons (D)
  2 great orbs of eyes (D)
  3 ice dragons (D)
  25 vault guards (D)
  4 naga warriors (D)
  A spriggan air mage (D)
  A catoblepas (D)
  6 hydras (D)
  Erica (D)
  4 ogre magi (D)
  A centaur warrior (D)
  A merfolk avatar (D)
  2 deep troll shamans (D)
  4 merfolk aquamancers (D)
  A tengu warrior (D)
  A naga sharpshooter (D)
  4 hell knights (D)
  A shock serpent (D)
  An orc high priest (D)
  Sonja (D)
  2 deep elf knights (D)
  2 spriggan druids (D)
  2 sea snakes (D)
  7 swamp dragons (D)
  2 unseen horrors (D)
  A wizard (D)
  An ironbrand convoker (D)
  3 necromancers (D)
  5 orc knights (D)
  4 wolf spiders (D)
  A manticore (D)
  6 orc sorcerers (D)
  A cyclops (D)
  3 ugly things (D)
  6 vault sentinels (D)
  8 moths of wrath (D)
  An elephant (D)
  Maurice (D)
  A naga mage (D)
  A water nymph (D)
  2 guardian serpents (D)
  7 black mambas (D)
  A gargoyle (D)
  5 spiny frogs (D)
  2 freezing wraiths (D)
  3 yaktaurs (D)
  A troll (shapeshifter) (D)
  2 tengu conjurers (D)
  A hornet (shapeshifter) (D)
  2 jumping spiders (D)
  A wind drake (D)
  2 merfolk (D)
  A wind drake (shapeshifter) (D)
  5 tyrant leeches (D)
  5 hippogriffs (D)
  3 blink frogs (D)
  A slime creature (D)
  A blink frog (shapeshifter) (D)
  2 redbacks (D)
  A water elemental (D)
  A yak (shapeshifter) (D)
  2 tarantellas (D)
  6 hogs (D)
  A basilisk (D)
  2 vampire mosquitoes (D)
  A warg (D)
  An insubstantial wisp (D)
  A naga (D)
  A soldier ant (D)
  3 water moccasins (D)
  2 porcupines (D)
  2 swamp drakes (D)
  A black bear (shapeshifter) (D)
  9 orc warriors (D)
  A centaur (D)
  8 bullfrogs (D)
  A scorpion (D)
  2 wights (D)
  A crimson imp (D)
  3 orc priests (D)
  A hound (D)
  11 orc wizards (D)
  2 shadow imps (D)
  14 orcs (D)
  A bat (D)
  A bat zombie (D)
  A goblin (D)
  A ball python (D)
  A quokka zombie (D)
  2 rats (D)
  2 briar patches (D)
380 creatures vanquished.

Vanquished Creatures (collateral kills)
  A curse toe (D)
  An Orb Guardian (D)
  A draconian scorcher (D)
  A black draconian (D)
  A white draconian (D)
  A yellow draconian (D)
  A purple draconian (D)
  A moth of wrath (D)
8 creatures vanquished.

Vanquished Creatures (others)
  2 ice dragons (D)
  An orc wizard (D)
  9 spectral weapons (D)
12 creatures vanquished.

Grand Total: 400 creatures vanquished

Notes
Turn   | Place    | Note
-------+----------+-------------------------------------------
     0 | D        | emperorscorpion the Gnoll Skald began the quest for the Orb.
     0 | D        | Reached XP level 1. HP: 20/20 MP: 6/6
     8 | D        | Reached skill level 5 in Spellcasting
    20 | D        | Reached skill level 1 in Invocations
   153 | D        | Noticed a centaur
   153 | D        | Noticed a hound
   161 | D        | Killed a hound
   161 | D        | Reached skill level 1 in Short Blades
   161 | D        | Reached skill level 1 in Long Blades
   161 | D        | Reached skill level 1 in Axes
   161 | D        | Reached skill level 1 in Maces & Flails
   161 | D        | Reached skill level 1 in Staves
   161 | D        | Reached skill level 1 in Slings
   161 | D        | Reached skill level 1 in Bows
   161 | D        | Reached skill level 1 in Crossbows
   161 | D        | Reached skill level 1 in Throwing
   161 | D        | Reached skill level 1 in Stealth
   161 | D        | Reached skill level 1 in Shields
   161 | D        | Reached skill level 1 in Unarmed Combat
   161 | D        | Reached skill level 1 in Conjurations
   161 | D        | Reached skill level 1 in Hexes
   161 | D        | Reached skill level 1 in Summonings
   161 | D        | Reached skill level 1 in Necromancy
   161 | D        | Reached skill level 1 in Translocations
   161 | D        | Reached skill level 1 in Transmutations
   161 | D        | Reached skill level 1 in Fire Magic
   161 | D        | Reached skill level 1 in Ice Magic
   161 | D        | Reached skill level 1 in Air Magic
   161 | D        | Reached skill level 1 in Earth Magic
   161 | D        | Reached skill level 1 in Poison Magic
   161 | D        | Reached skill level 2 in Invocations
   161 | D        | Reached skill level 1 in Evocations
   161 | D        | Reached XP level 2. HP: 24/26 MP: 0/8
   161 | D        | Reached XP level 3. HP: 29/32 MP: 0/9
   162 | D        | Reached skill level 5 in Fighting
   162 | D        | Reached skill level 5 in Polearms
   162 | D        | Reached skill level 5 in Dodging
   167 | D        | Killed a centaur
   167 | D        | Reached skill level 3 in Invocations
   167 | D        | Reached XP level 4. HP: 11/39 MP: 0/11
   176 | D        | Found a roughly hewn altar of Beogh.
   176 | D        | Found a snail-covered altar of Cheibriados.
   176 | D        | Found a shadowy altar of Dithmenos.
   176 | D        | Found a white marble altar of Elyvilon.
   176 | D        | Found a blossoming altar of Fedhas.
   176 | D        | Found an opulent altar of Gozag.
   177 | D        | Found a hazy altar of Hepliaklqana.
   178 | D        | Found a viscous altar of Jiyva.
   179 | D        | Found an ancient bone altar of Kikubaaqudgha.
   180 | D        | Found a corrupted altar of Lugonu.
   181 | D        | Found a burning altar of Makhleb.
   182 | D        | Found a sparkling altar of Nemelex Xobeh.
   183 | D        | Found an iron altar of Okawaru.
   184 | D        | Found a stormy altar of Qazlal.
   185 | D        | Found a sacrificial altar of Ru.
   186 | D        | Found a deep blue altar of Sif Muna.
   187 | D        | Found a bloodstained altar of Trog.
   188 | D        | Found a hide-covered altar of Uskayaw.
   189 | D        | Found a radiant altar of Vehumet.
   190 | D        | Found an ornate altar of the Wu Jian Council.
   191 | D        | Found a shimmering altar of Xom.
   192 | D        | Found a basalt altar of Yredelemnul.
   193 | D        | Found a glowing silver altar of Zin.
   194 | D        | Became a worshipper of Sif Muna the Loreminder
   195 | D        | Found a glowing golden altar of the Shining One.
   240 | D        | Learned a level 3 spell: Regeneration
   244 | D        | Learned a level 3 spell: Spectral Weapon
   386 | D        | Noticed a bullfrog
   386 | D        | Noticed a hippogriff
   387 | D        | Reached XP level 5. HP: 45/45 MP: 13/13
   396 | D        | Killed a hippogriff
   396 | D        | Reached * piety under Sif Muna
   396 | D        | Reached skill level 5 in Armour
   396 | D        | Reached skill level 4 in Invocations
   396 | D        | Reached XP level 6. HP: 26/53 MP: 13/15
   407 | D        | Reached skill level 5 in Invocations
   409 | D        | Reached skill level 5 in Short Blades
   409 | D        | Reached skill level 5 in Long Blades
   409 | D        | Reached skill level 5 in Axes
   409 | D        | Reached skill level 5 in Maces & Flails
   409 | D        | Reached skill level 5 in Staves
   409 | D        | Reached skill level 5 in Slings
   409 | D        | Reached skill level 5 in Bows
   409 | D        | Reached skill level 5 in Crossbows
   409 | D        | Reached skill level 5 in Throwing
   409 | D        | Reached skill level 5 in Stealth
   409 | D        | Reached skill level 5 in Shields
   409 | D        | Reached skill level 5 in Unarmed Combat
   409 | D        | Reached skill level 5 in Evocations
   409 | D        | Reached XP level 7. HP: 24/59 MP: 15/17
   596 | D        | Noticed a catoblepas
   596 | D        | Noticed a hippogriff
   596 | D        | Noticed a cyclops
   596 | D        | Noticed a hippogriff
   599 | D        | Killed a hippogriff
   599 | D        | Reached ** piety under Sif Muna
   599 | D        | Reached skill level 6 in Invocations
   604 | D        | Killed a cyclops
   604 | D        | Reached skill level 5 in Conjurations
   604 | D        | Reached skill level 5 in Hexes
   604 | D        | Reached skill level 5 in Summonings
   604 | D        | Reached skill level 5 in Necromancy
   604 | D        | Reached skill level 5 in Translocations
   604 | D        | Reached skill level 5 in Transmutations
   604 | D        | Reached skill level 5 in Fire Magic
   604 | D        | Reached skill level 5 in Ice Magic
   604 | D        | Reached skill level 5 in Air Magic
   604 | D        | Reached skill level 5 in Earth Magic
   604 | D        | Reached skill level 5 in Poison Magic
   604 | D        | Reached XP level 8. HP: 29/68 MP: 10/20
   737 | D        | Killed a hippogriff
   737 | D        | Reached *** piety under Sif Muna
   737 | D        | Reached skill level 7 in Invocations
   746 | D        | Learned a level 2 spell: Shroud of Golubria
   805 | D        | Killed a catoblepas
   805 | D        | Reached **** piety under Sif Muna
   805 | D        | Reached XP level 9. HP: 32/75 MP: 13/21
  1060 | D        | Noticed a seven-headed hydra
  1060 | D        | Noticed a spiny frog
  1064 | D        | Reached skill level 8 in Invocations
  1076 | D        | Killed a one-headed hydra
  1089 | D        | Killed a spiny frog
  1100 | D        | Reached skill level 9 in Invocations
  1100 | D        | Reached XP level 10. HP: 22/83 MP: 3/23
  1103 | D        | Reached ***** piety under Sif Muna
  1237 | D        | Noticed a spiny frog
  1237 | D        | Noticed a spiny frog
  1238 | D        | Noticed an elephant
  1241 | D        | Killed a spiny frog
  1241 | D        | Identified Sif Muna's Disquisition on the Glacier and Conjuration (Sif Muna gifted it to you in the Dungeon)
  1241 | D        | Received a gift from Sif Muna
  1245 | D        | Killed a spiny frog
  1245 | D        | Reached skill level 10 in Spellcasting
  1259 | D        | Killed an elephant
  1259 | D        | Reached skill level 10 in Fighting
  1259 | D        | Reached skill level 10 in Polearms
  1259 | D        | Reached skill level 10 in Dodging
  1311 | D        | Noticed a spiny frog
  1325 | D        | Killed a spiny frog
  1325 | D        | Reached skill level 10 in Invocations
  1327 | D        | Identified Sif Muna's Collected Works on Supportive Conjuration (Sif Muna gifted it to you in the Dungeon)
  1327 | D        | Received a gift from Sif Muna
  1350 | D        | HP: 1/86 [tyrant leech (18)]
  1355 | D        | Reached XP level 11. HP: 39/92 MP: 17/25
  1541 | D        | Noticed Erica
  1552 | D        | Killed Erica
  1552 | D        | Reached skill level 10 in Armour
  1595 | D        | Noticed Maurice
  1609 | D        | Killed Maurice
  1662 | D        | Identified Vegol's Papyrus of the Bouncing Dreams (Sif Muna gifted it to you in the Dungeon)
  1662 | D        | Received a gift from Sif Muna
  1717 | D        | Noticed an orc high priest
  1720 | D        | Noticed an orc knight
  1730 | D        | Killed an orc high priest
  1730 | D        | Reached skill level 10 in Charms
  1735 | D        | Killed an orc knight
  1735 | D        | Reached skill level 10 in Short Blades
  1735 | D        | Reached skill level 10 in Long Blades
  1735 | D        | Reached skill level 10 in Axes
  1735 | D        | Reached skill level 10 in Maces & Flails
  1735 | D        | Reached skill level 10 in Staves
  1735 | D        | Reached skill level 10 in Slings
  1735 | D        | Reached skill level 10 in Bows
  1735 | D        | Reached skill level 10 in Crossbows
  1735 | D        | Reached skill level 10 in Throwing
  1735 | D        | Reached skill level 10 in Stealth
  1735 | D        | Reached skill level 10 in Shields
  1735 | D        | Reached skill level 10 in Unarmed Combat
  1735 | D        | Reached skill level 10 in Evocations
  1748 | D        | Identified Sif Muna's Tome of Combat Magic (Sif Muna gifted it to you in the Dungeon)
  1748 | D        | Received a gift from Sif Muna
  1752 | D        | Reached skill level 11 in Invocations
  1862 | D        | Learned a level 5 spell: Bolt of Magma
  1866 | D        | Found Duogy's General Store.
  1866 | D        | Noticed an orc sorcerer
  1866 | D        | Noticed an orc sorcerer
  1866 | D        | Noticed an orc sorcerer
  1869 | D        | Killed an orc sorcerer
  1872 | D        | Killed an orc sorcerer
  1879 | D        | Killed an orc sorcerer
  2041 | D        | Found Duoty's Jewellery Shop.
  2045 | D        | Found Hudablau's Assorted Antiques.
  2049 | D        | Found Koasiedi's General Store.
  2051 | D        | Noticed an orc sorcerer
  2053 | D        | Noticed an orc sorcerer
  2054 | D        | Noticed an orc sorcerer
  2058 | D        | Killed an orc sorcerer
  2063 | D        | Killed an orc sorcerer
  2070 | D        | Killed an orc sorcerer
  2070 | D        | Identified Sif Muna's Handbook of Ignition and Feathers (Sif Muna gifted it to you in the Dungeon)
  2070 | D        | Received a gift from Sif Muna
  2099 | D        | Learned a level 6 spell: Deflect Missiles
  2111 | D        | Bought a scroll labeled DUUPPORGHISH for 22 gold pieces
  2111 | D        | Bought a hardcover book for 330 gold pieces
  2111 | D        | Bought 2 scrolls labeled HOASEITTOPE for 44 gold pieces
  2116 | D        | Bought a +3 ring of protection for 210 gold pieces
  2116 | D        | Bought an uncursed amulet of magic regeneration for 300 gold pieces
  2129 | D        | Bought a potion of haste for 220 gold pieces
  2129 | D        | Bought a scroll of identify for 44 gold pieces
  2129 | D        | Bought a scroll of identify for 44 gold pieces
  2131 | D        | Bought a potion of heal wounds for 55 gold pieces
  2131 | D        | Bought a potion of might for 44 gold pieces
  2133 | D        | Bought a runed leather armour for 110 gold pieces
  2333 | D        | Noticed Sonja
  2386 | D        | Killed Sonja
  2543 | D        | Bought an uncursed ring of poison resistance for 200 gold pieces
  2679 | D        | Upgraded the game from 0.22-a0-609-gfedc9ff to 0.22-a0-618-gd6a3efe
  2722 | D        | Reached XP level 12. HP: 87/101 MP: 21/27
  2724 | D        | Noticed a tengu warrior
  2730 | D        | Reached ****** piety under Sif Muna
  2742 | D        | Killed a tengu warrior
  2742 | D        | Reached skill level 12 in Invocations
  2744 | D        | Identified Sif Muna's Guide on the Ashen Oath (Sif Muna gifted it to you in the Dungeon)
  2744 | D        | Received a gift from Sif Muna
  2752 | D        | Learned a level 5 spell: Borgnjor's Vile Clutch
  2762 | D        | Noticed an ogre mage
  2763 | D        | Noticed a fire dragon
  2764 | D        | Noticed a fire giant
  2779 | D        | Killed an ogre mage
  2874 | D        | Noticed an ettin
  2884 | D        | Killed a fire dragon
  2892 | D        | Killed a fire giant
  2896 | D        | Killed an ettin
  3177 | D        | Noticed an emperor scorpion
  3177 | D        | Noticed an entropy weaver
  3177 | D        | Noticed an entropy weaver
  3183 | D        | Killed an entropy weaver
  3183 | D        | Reached skill level 10 in Conjurations
  3183 | D        | Reached skill level 10 in Hexes
  3183 | D        | Reached skill level 10 in Summonings
  3183 | D        | Reached skill level 10 in Necromancy
  3183 | D        | Reached skill level 10 in Translocations
  3183 | D        | Reached skill level 10 in Transmutations
  3183 | D        | Reached skill level 10 in Fire Magic
  3183 | D        | Reached skill level 10 in Ice Magic
  3183 | D        | Reached skill level 10 in Air Magic
  3183 | D        | Reached skill level 10 in Earth Magic
  3183 | D        | Reached skill level 10 in Poison Magic
  3216 | D        | Killed an entropy weaver
  3310 | D        | Killed an emperor scorpion
  3310 | D        | Identified Sif Muna's Tome of the Creative Volcanoes (Sif Muna gifted it to you in the Dungeon)
  3310 | D        | Received a gift from Sif Muna
  3310 | D        | Reached skill level 13 in Invocations
  3511 | D        | Killed a ghost moth
  3511 | D        | Reached XP level 13. HP: 49/109 MP: 0/30
  3812 | D        | Received a gift from Sif Muna
  3823 | D        | Learned a level 2 spell: Blink
  3827 | D        | Learned a level 3 spell: Teleport Other
  3978 | D        | Noticed a merfolk impaler
  3987 | D        | Killed a merfolk impaler
  4057 | D        | Noticed a thorn hunter
  4059 | D        | Received a gift from Sif Muna
  4063 | D        | Reached skill level 14 in Invocations
  4076 | D        | Killed a thorn hunter
  4398 | D        | Noticed Kirke
  4410 | D        | Noticed Gastronok
  4410 | D        | Killed Kirke
  4410 | D        | Identified Sif Muna's Guide on Necromancy and the Escort (Sif Muna gifted it to you in the Dungeon)
  4410 | D        | Received a gift from Sif Muna
  4427 | D        | Killed Gastronok
  4755 | D        | Noticed Saint Roka
  4784 | D        | Killed Saint Roka
  4784 | D        | Reached XP level 14. HP: 21/121 MP: 0/32
  5144 | D        | Noticed a frost giant
  5144 | D        | Noticed a vampire knight
  5144 | D        | Noticed a stone giant
  5144 | D        | Noticed a frost giant
  5155 | D        | Killed a frost giant
  5156 | D        | Killed a stone giant
  5156 | D        | Identified Sif Muna's Catalogue of Sinister Summoning (Sif Muna gifted it to you in the Dungeon)
  5156 | D        | Received a gift from Sif Muna
  5156 | D        | Reached skill level 15 in Invocations
  5159 | D        | Noticed a spriggan defender
  5164 | D        | Noticed a red very ugly thing
  5165 | D        | Killed a vampire knight
  5168 | D        | Killed a frost giant
  5169 | D        | Noticed a spriggan defender
  5172 | D        | Killed a spriggan defender
  5192 | D        | Killed a red very ugly thing
  5192 | D        | Reached skill level 15 in Spellcasting
  5201 | D        | Killed a spriggan defender
  5201 | D        | Reached skill level 15 in Fighting
  5201 | D        | Reached skill level 15 in Polearms
  5201 | D        | Reached skill level 15 in Dodging
  5487 | D        | Paralysed by a great orb of eyes for 2 turns
  5494 | D        | Paralysed by a great orb of eyes for 7 turns
  5498 | D        | Noticed a stone giant
  5505 | D        | Identified Sif Muna's Disquisition on Harmful Snow (Sif Muna gifted it to you in the Dungeon)
  5505 | D        | Received a gift from Sif Muna
  5507 | D        | Noticed a stone giant
  5514 | D        | Killed a stone giant
  5516 | D        | Killed a stone giant
  5545 | D        | Reached skill level 15 in Armour
  5549 | D        | Reached skill level 16 in Invocations
  5550 | D        | Identified Sif Muna's Catalogue of Dusty Ice (Sif Muna gifted it to you in the Dungeon)
  5550 | D        | Received a gift from Sif Muna
  5565 | D        | Reached skill level 15 in Short Blades
  5565 | D        | Reached skill level 15 in Long Blades
  5565 | D        | Reached skill level 15 in Axes
  5565 | D        | Reached skill level 15 in Maces & Flails
  5565 | D        | Reached skill level 15 in Staves
  5565 | D        | Reached skill level 15 in Slings
  5565 | D        | Reached skill level 15 in Bows
  5565 | D        | Reached skill level 15 in Crossbows
  5565 | D        | Reached skill level 15 in Throwing
  5565 | D        | Reached skill level 15 in Stealth
  5565 | D        | Reached skill level 15 in Shields
  5565 | D        | Reached skill level 15 in Unarmed Combat
  5565 | D        | Reached skill level 15 in Evocations
  5570 | D        | Reached XP level 15. HP: 106/129 MP: 16/34
  5594 | D        | Identified Sif Muna's Catalogue of Harmful Changing (Sif Muna gifted it to you in the Dungeon)
  5594 | D        | Received a gift from Sif Muna
  5891 | D        | Got the +0 helmet of Meadoami {Int+2}
  6044 | D        | Noticed an emperor scorpion
  6044 | D        | Noticed an emperor scorpion
  6051 | D        | Killed an emperor scorpion
  6051 | D        | Killed a ghost moth
  6071 | D        | Killed an emperor scorpion
  6076 | D        | Killed a ghost moth
  6142 | D        | Noticed an emperor scorpion
  6164 | D        | Killed an emperor scorpion
  6165 | D        | Noticed an emperor scorpion
  6168 | D        | Got a gossamer rune of Zot
  6177 | D        | Killed an emperor scorpion
  6177 | D        | Identified Ynuuheusma's Tome of the Feathery Volcanoes (Sif Muna gifted it to you in the Dungeon)
  6177 | D        | Received a gift from Sif Muna
  6190 | D        | Killed a ghost moth
  6392 | D        | Noticed Ilsuiw
  6394 | D        | Reached skill level 17 in Invocations
  6444 | D        | Killed Ilsuiw
  6444 | D        | Identified Cygejuk's Collected Works on Enchanting Poisoning (Sif Muna gifted it to you in the Dungeon)
  6444 | D        | Received a gift from Sif Muna
  6485 | D        | Got a barnacled rune of Zot
  6743 | D        | Identified Sif Muna's Volume of Orientation and Execration (Sif Muna gifted it to you in the Dungeon)
  6743 | D        | Received a gift from Sif Muna
  6751 | D        | Reached skill level 15 in Charms
  6786 | D        | Got a decaying rune of Zot
  6824 | D        | Noticed a nagaraja
  6824 | D        | Noticed a nagaraja
  6826 | D        | Noticed a nagaraja
  6826 | D        | Noticed a nagaraja
  6830 | D        | Reached XP level 16. HP: 141/141 MP: 29/37
  6832 | D        | Killed a nagaraja
  6832 | D        | Identified Sif Muna's Advanced Guide to Secret Knowledge (Sif Muna gifted it to you in the Dungeon)
  6832 | D        | Received a gift from Sif Muna
  6837 | D        | Killed a nagaraja
  6837 | D        | Reached skill level 18 in Invocations
  6838 | D        | Noticed a nagaraja
  6841 | D        | Killed a nagaraja
  6850 | D        | Killed a nagaraja
  6855 | D        | Killed a nagaraja
  6890 | D        | Got a serpentine rune of Zot
  6898 | D        | Learned a level 6 spell: Freezing Cloud
  6923 | D        | Noticed Boris
  6936 | D        | Killed Boris
  6936 | D        | Identified Sif Muna's Grimoire of Battle Magic and the Entourage (Sif Muna gifted it to you in the Dungeon)
  6936 | D        | Received a gift from Sif Muna
  6982 | D        | Noticed Frances
  6988 | D        | Noticed Nikola
  6992 | D        | Killed Frances
  8216 | D        | Killed Nikola
  8216 | D        | Reached skill level 15 in Conjurations
  8216 | D        | Reached skill level 15 in Hexes
  8216 | D        | Reached skill level 15 in Summonings
  8216 | D        | Reached skill level 15 in Necromancy
  8216 | D        | Reached skill level 15 in Translocations
  8216 | D        | Reached skill level 15 in Transmutations
  8216 | D        | Reached skill level 15 in Fire Magic
  8216 | D        | Reached skill level 15 in Ice Magic
  8216 | D        | Reached skill level 15 in Air Magic
  8216 | D        | Reached skill level 15 in Earth Magic
  8216 | D        | Reached skill level 15 in Poison Magic
  8488 | D        | Identified Sif Muna's Incunabulum of the Entourage and Feathers (Sif Muna gifted it to you in the Dungeon)
  8488 | D        | Received a gift from Sif Muna
  8495 | D        | Reached skill level 19 in Invocations
  8585 | D        | Identified Sif Muna's Further Steps in Theurgy (Sif Muna gifted it to you in the Dungeon)
  8585 | D        | Received a gift from Sif Muna
  8805 | D        | Identified Sif Muna's Tome of Shifting Envenoming (Sif Muna gifted it to you in the Dungeon)
  8805 | D        | Received a gift from Sif Muna
  8812 | D        | Reached XP level 17. HP: 151/151 MP: 30/39
  8837 | D        | Identified Sif Muna's Incunabulum of Congealing Execration (Sif Muna gifted it to you in the Dungeon)
  8837 | D        | Received a gift from Sif Muna
  8852 | D        | Reached skill level 20 in Invocations
  8952 | D        | Learned a level 6 spell: Death Channel
  8954 | D        | Noticed a lich
  8967 | D        | Identified Sif Muna's Handbook of Protection and the Rocks (Sif Muna gifted it to you in the Dungeon)
  8967 | D        | Received a gift from Sif Muna
  8974 | D        | Killed a lich
  8975 | D        | Noticed a titan
  8992 | D        | HP: 2/153 [shadow dragon/bolt of negative energy (34)]
  8994 | D        | Killed a titan
  8994 | D        | Identified Facuc's Grimoire of Calling (Sif Muna gifted it to you in the Dungeon)
  8994 | D        | Received a gift from Sif Muna
  9036 | D        | Got a silver rune of Zot
  9038 | D        | Got an ancient ruby amulet
  9047 | D        | Identified the amulet "Kippea" {Harm *Drain Stlth+} (You found it in the Dungeon)
  9077 | D        | Noticed Margery
  9091 | D        | Killed Margery
  9178 | D        | Got the ring of the Water Diviner {rPois Int+2}
  9182 | D        | Got the amulet of the Furies {Gourm Dex+6 Stlth+}
  9185 | D        | Got the amulet "Gej Ejaw" {RegenMP Slay+2}
  9199 | D        | Got the +5 double sword of Teeruics {flame, Int+2}
  9311 | D        | Noticed Mara
  9318 | D        | Noticed emperorscorpion's illusion
  9337 | D        | Killed Mara
  9337 | D        | Identified Sif Muna's Reference Book on Dislocation and the Escort (Sif Muna gifted it to you in the Dungeon)
  9337 | D        | Received a gift from Sif Muna
  9337 | D        | Reached skill level 21 in Invocations
  9362 | D        | Noticed Xtahua
  9362 | D        | Paralysed by Xtahua for 5 turns
  9375 | D        | Killed Xtahua
  9418 | D        | Noticed Louise
  9455 | D        | Killed Louise
  9543 | D        | Received a gift from Sif Muna
  9570 | D        | Reached XP level 18. HP: 65/163 MP: 29/42
  9844 | D        | Noticed a golden dragon
  9867 | D        | Killed a golden dragon
  9867 | D        | Received a gift from Sif Muna
 10142 | D        | Noticed a quicksilver dragon
 10142 | D        | Noticed a golden dragon
 10150 | D        | Identified Sif Muna's Handbook of Black Arts (Sif Muna gifted it to you in the Dungeon)
 10150 | D        | Received a gift from Sif Muna
 10150 | D        | Reached skill level 22 in Invocations
 10157 | D        | Killed a quicksilver dragon
 10158 | D        | Killed a golden dragon
 10209 | D        | Noticed a quicksilver dragon
 10218 | D        | Noticed a tentacled monstrosity
 10220 | D        | Killed a quicksilver dragon
 10223 | D        | Identified Fuavumiv's Disquisition on the Oath (Sif Muna gifted it to you in the Dungeon)
 10223 | D        | Received a gift from Sif Muna
 10226 | D        | Killed a tentacled monstrosity
 10261 | D        | Noticed a Killer Klown
 10279 | D        | Killed a Killer Klown
 10282 | D        | Identified Sif Muna's Disquisition on Unstable Conjuration (Sif Muna gifted it to you in the Dungeon)
 10282 | D        | Received a gift from Sif Muna
 10329 | D        | Noticed a curse toe
 10329 | D        | Noticed a tentacled monstrosity
 10339 | D        | Reached skill level 23 in Invocations
 10343 | D        | Killed a tentacled monstrosity
 10348 | D        | Noticed a curse toe
 10351 | D        | Noticed a quicksilver dragon
 10359 | D        | Killed a quicksilver dragon
 10361 | D        | Killed a curse toe
 10361 | D        | Identified Sif Muna's Volume of Virous Confrontation (Sif Muna gifted it to you in the Dungeon)
 10361 | D        | Received a gift from Sif Muna
 10364 | D        | Killed a curse toe
 10364 | D        | Reached XP level 19. HP: 52/174 MP: 27/45
 10525 | D        | Received a gift from Sif Muna
 10542 | D        | Received a gift from Sif Muna
 10584 | D        | Noticed a golden dragon
 10584 | D        | Noticed a curse toe
 10584 | D        | Noticed a tentacled monstrosity
 10592 | D        | Killed a tentacled monstrosity
 10592 | D        | Reached skill level 24 in Invocations
 10594 | D        | Killed a curse toe
 10597 | D        | Received a gift from Sif Muna
 10599 | D        | Killed a golden dragon
 10611 | D        | Learned a level 8 spell: Necromutation
 10820 | D        | Learned a level 8 spell: Lehudib's Crystal Spear
 10821 | D        | Noticed an ancient lich
 10824 | D        | Killed an ancient lich
 10828 | D        | Noticed an orb of fire
 10832 | D        | Killed an orb of fire
 10832 | D        | Received a gift from Sif Muna
 10838 | D        | Noticed an electric golem
 10840 | D        | Killed an electric golem
 10853 | D        | Learned a level 8 spell: Ignition
 10853 | D        | Noticed an electric golem
 10853 | D        | Noticed a golden dragon
 10855 | D        | Noticed an ancient lich
 10856 | D        | Noticed an orb of fire
 10858 | D        | Noticed an orb of fire
 10860 | D        | Noticed an ancient lich
 10861 | D        | Killed a golden dragon
 10861 | D        | Killed an ancient lich
 10861 | D        | Received a gift from Sif Muna
 10861 | D        | Reached skill level 25 in Invocations
 10861 | D        | Reached XP level 20. HP: 146/187 MP: 6/47
 10864 | D        | Noticed an orb of fire
 10866 | D        | Noticed a Killer Klown
 10870 | D        | Killed from afar by an orb of fire

Vault maps used:
D:        linesprint

Skill      XL: |  1  2  3  4  5  6  7  8  9 10 11 12 13 14 15 16 17 18 19 |
---------------+----------------------------------------------------------+-----
Spellcasting   | 5 6 7 8 9 10 11 13 14 15 17 18 20 22 23 | 23.8
Invocations    | 2 3 4 5 6 7 9 10 11 13 14 16 17 19 21 23 25 | 25.1
Short Blades   | 1 3 4 5 6 7 8 9 10 12 13 15 16 18 20 21 23 | 23.4
Long Blades    | 1 3 4 5 6 7 8 9 10 12 13 15 16 18 20 21 23 | 23.4
Axes           | 1 3 4 5 6 7 8 9 10 12 13 15 16 18 20 21 23 | 23.4
Maces & Flails | 1 3 4 5 6 7 8 9 10 12 13 15 16 18 20 21 23 | 23.4
Staves         | 1 3 4 5 6 7 8 9 10 12 13 15 16 18 20 21 23 | 23.6
Slings         | 1 3 4 5 6 7 8 9 10 12 13 15 16 18 20 21 23 | 23.4
Bows           | 1 3 4 5 6 7 8 9 10 12 13 15 16 18 20 21 23 | 23.4
Crossbows      | 1 3 4 5 6 7 8 9 10 12 13 15 16 18 20 21 23 | 23.4
Throwing       | 1 3 4 5 6 7 8 9 10 12 13 15 16 18 20 21 23 | 23.4
Armour         | 3 4 5 6 7 8 9 11 12 13 15 16 18 20 21 23 | 23.5
Stealth        | 1 3 4 5 6 7 8 9 10 12 13 15 16 18 20 21 23 | 23.4
Shields        | 1 3 4 5 6 7 8 9 10 12 13 15 16 18 20 21 23 | 23.4
Unarmed Combat | 1 3 4 5 6 7 8 9 10 12 13 15 16 18 20 21 23 | 23.4
Conjurations   | 1 2 3 4 5 6 7 9 10 11 12 14 15 17 18 20 | 20.4
Hexes          | 1 2 3 4 5 6 7 9 10 11 12 14 15 17 18 20 | 20.4
Summonings     | 1 2 3 4 5 6 7 9 10 11 12 14 15 17 18 20 | 20.4
Necromancy     | 1 2 3 4 5 6 7 9 10 11 12 14 15 17 18 20 | 20.4
Translocations | 1 2 3 4 5 6 7 9 10 11 12 14 15 17 18 20 | 20.4
Transmutations | 1 2 3 4 5 6 7 9 10 11 12 14 15 17 18 20 | 20.4
Fire Magic     | 1 2 3 4 5 6 7 9 10 11 12 14 15 17 18 20 | 20.4
Ice Magic      | 1 2 3 4 5 6 7 9 10 11 12 14 15 17 18 20 | 20.4
Air Magic      | 1 2 3 4 5 6 7 9 10 11 12 14 15 17 18 20 | 20.4
Earth Magic    | 1 2 3 4 5 6 7 9 10 11 12 14 15 17 18 20 | 20.4
Poison Magic   | 1 2 3 4 5 6 7 9 10 11 12 14 15 17 18 20 | 20.4
Evocations     | 1 3 4 5 6 7 8 9 10 12 13 15 16 18 20 21 23 | 23.4
Fighting       | 5 6 7 8 9 10 11 12 14 15 17 18 20 22 23 | 23.7
Polearms       | 5 6 7 8 9 10 11 12 14 15 17 18 20 22 23 | 23.7
Dodging        | 5 6 7 8 9 10 11 12 14 15 17 18 20 22 23 | 23.7
Charms         | 6 7 8 9 10 11 12 13 15 16 17 19 20 | 20.9

Action                   |  1- 3 |  4- 6 |  7- 9 | 10-12 | 13-15 | 16-18 | 19-21 || total
-------------------------+-------+-------+-------+-------+-------+-------+-------++-------
Melee: Spear             |    28 |       |       |       |       |       |       ||    28
       Bite              |     2 |     1 |    10 |    30 |    34 |    41 |    15 ||   133
       Halberd           |       |    23 |    34 |   235 |    86 |       |       ||   378
       Scimitar          |       |       |    11 |       |       |       |       ||    11
       Punch             |       |       |     1 |       |       |       |       ||     1
       Demon trident     |       |       |       |       |   154 |   429 |    63 ||   646
Throw: Javelin           |       |       |       |       |       |     8 |       ||     8
 Cast: Infusion          |     1 |       |       |       |       |       |       ||     1
       Spectral Weapon   |       |       |     6 |    23 |     7 |     7 |       ||    43
       Regeneration      |       |       |     7 |    14 |     2 |     6 |     2 ||    31
       Shroud of Golubri |       |       |     7 |    14 |     8 |     5 |     1 ||    35
       Bolt of Magma     |       |       |       |     9 |    73 |     4 |       ||    86
       Deflect Missiles  |       |       |       |     1 |     3 |     2 |       ||     6
       Borgnjor's Vile C |       |       |       |    15 |    91 |    53 |     5 ||   164
       Blink             |       |       |       |       |     2 |     2 |     2 ||     6
       Freezing Cloud    |       |       |       |       |       |    15 |     2 ||    17
       Death Channel     |       |       |       |       |       |     6 |     1 ||     7
       Lehudib's Crystal |       |       |       |       |       |       |     8 ||     8
       Ignition          |       |       |       |       |       |       |     6 ||     6
       Necromutation     |       |       |       |       |       |       |     4 ||     4
Invok: Channel Magic     |       |       |       |     1 |    16 |     1 |     2 ||    20
       Forget Spell      |       |       |       |       |       |     1 |     1 ||     2
 Abil: Stop Flying       |       |       |       |       |       |     1 |       ||     1
       Evoke Invisibilit |       |       |       |       |       |       |     1 ||     1
Evoke: Wand              |       |       |     1 |     5 |     3 |     3 |     1 ||    13
       Staff of energy   |       |       |       |       |     1 |       |       ||     1
  Use: Potion            |     1 |       |     2 |     4 |     1 |     2 |       ||    10
       Scroll            |       |       |       |     6 |    11 |     5 |     1 ||    23
 Stab: Sleeping          |     1 |       |       |     2 |     3 |       |       ||     6
       Distracted        |       |       |       |       |     3 |     5 |       ||     8
  Eat: Chunk             |       |       |     1 |     8 |    14 |     9 |     2 ||    34
       Ration            |       |       |       |     2 |     1 |     1 |       ||     4
Armor: Leather armour    |     1 |       |       |       |       |       |       ||     1
       Chain mail        |       |    17 |       |       |       |       |       ||    17
       Scale mail        |       |       |    20 |    42 |       |       |       ||    62
       Swamp dragon scal |       |       |       |    25 |    82 |     3 |       ||   110
       Storm dragon scal |       |       |       |       |       |    35 |    12 ||    47
Dodge: Dodged            |    12 |    18 |    53 |   138 |   141 |    52 |    11 ||   425
       Deflected         |       |       |       |     3 |    24 |    14 |     3 ||    44
Block: Large shield      |       |       |       |       |   170 |   191 |    44 ||   405
       Rpst.: Scimitar   |       |       |     1 |       |       |       |       ||     1

Table legend:
 A = Spawn XP
 B = Non-spawn XP
 C = Spawn XP percentage of total XP
 D = Spawn monster count
 E = Non-spawn monster count
 F = Spawn count percentage of total count
 G = Total turns spent on level
                    A         B        C        D         E        F      G
               +---------+---------+-------+---------+---------+-------+---------
         Total |       0 |  401118 |   0.0 |       0 |     389 |   0.0 | 10870
               +---------+---------+-------+---------+---------+-------+---------
             D |       0 |  401118 |   0.0 |       0 |     389 |   0.0 | 10870
               +---------+---------+-------+---------+---------+-------+---------
